General information
- name: BNet
- type: Ladder team game (AT/RT)
- host: Battle.net
- saver: sc2no.wc4yes
map: MarketSquare
- players: 8
- length: 72:27
- speed: Fast
- version: 1.24 W3XP
- replay type: Public
» download(350 KB)
Players
team 1 (loser)
NasTyNate420 (
purple | 29 APM | 1854 actions | 63:38)
10 Death Knight
3 Death Coil
3 Unholy Aura
1 Animate Dead
3 Death Pact
9 Lich
3 Frost Nova
3 Frost Armor
1 Death and Decay
2 Dark Ritual
» actions
| Assign group hotkey | 15 | |
| Basic commands | 57 | |
| Build / train | 83 | |
| Enter build submenu | 19 | |
| Enter hero's abilities submenu | 20 | |
| Give item / drop item | 1 | |
| Right click | 973 | |
| Select / deselect | 443 | |
| Select group hotkey | 113 | |
| Use ability | 130 | |
1854 total
» units
| Acolyte | 2 | |
| Ghoul | 2 | |
| Crypt Fiend | 25 | |
| Obsidian Statue | 9 | |
38 total
» upgrades
| Creature Attack | 2 | |
| Creature Carapace | 2 | |
| Web | 1 | |
5 total
» buildings
| Crypt | 2 | |
| Altar of Darkness | 1 | |
| Ziggurat | 10 | |
| Graveyard | 1 | |
| Nerubian Tower | 1 | |
| Tomb of Relics | 2 | |
| Spirit Tower | 4 | |
| Halls of the Dead | 1 | |
| Slaughterhouse | 1 | |
23 total
» build order
00:17 Crypt
00:30 Altar of Darkness
00:32 Ziggurat
01:04 Graveyard
01:57 Nerubian Tower
02:05 Tomb of Relics
02:09 Ziggurat
04:25 Spirit Tower
04:54 Ziggurat
04:59 Ziggurat
05:53 Spirit Tower
05:54 Spirit Tower
08:27 Halls of the Dead
11:58 Slaughterhouse
12:06 Ziggurat
18:40 Ziggurat
20:16 Tomb of Relics
21:21 Spirit Tower
22:05 Ziggurat
22:07 Ziggurat
22:08 Ziggurat
28:35 Crypt
30:11 Ziggurat
» items
| Rod of Necromancy | 1 | |
| Dust of Appearance | 1 | |
| Boots of Speed | 1 | |
| Circlet of Nobility | 1 | |
| Potion of Lesser Invulnerability | 1 | |
| Potion of Mana | 2 | |
| Scroll of Town Portal | 3 | |
| Potion of Healing | 3 | |
13 total

»
Your_Master (
green | 25 APM | 1779 actions | 72:26)
9 Death Knight
3 Death Coil
3 Unholy Aura
1 Animate Dead
2 Death Pact
9 Crypt Lord
3 Impale
3 Spiked Carapace
1 Locust Swarm
2 Carrion Beetles
8 Pit Lord
3 Rain of Fire
3 Cleaving Attack
1 Doom
1 Howl of Terror
» actions
| Basic commands | 73 | |
| Build / train | 98 | |
| Enter build submenu | 27 | |
| Enter hero's abilities submenu | 27 | |
| Give item / drop item | 6 | |
| Right click | 866 | |
| Select / deselect | 562 | |
| Use ability | 120 | |
1779 total
» units
| Acolyte | 12 | |
| Ghoul | 4 | |
| Frost Wyrm | 14 | |
| Crypt Fiend | 4 | |
34 total
» upgrades
| Creature Attack | 3 | |
| Creature Carapace | 3 | |
| Web | 1 | |
| Freezing Breath | 1 | |
8 total
» buildings
| Ziggurat | 12 | |
| Crypt | 2 | |
| Altar of Darkness | 1 | |
| Graveyard | 1 | |
| Tomb of Relics | 1 | |
| Nerubian Tower | 5 | |
| Halls of the Dead | 2 | |
| Black Citadel | 1 | |
| Sacrificial Pit | 1 | |
| Boneyard | 3 | |
| Necropolis | 1 | |
| Spirit Tower | 1 | |
31 total
» build order
00:10 Ziggurat
00:15 Crypt
00:39 Altar of Darkness
01:48 Graveyard
01:58 Ziggurat
02:05 Tomb of Relics
02:33 Ziggurat
02:37 Nerubian Tower
03:23 Halls of the Dead
03:53 Nerubian Tower
04:01 Ziggurat
04:16 Ziggurat
05:19 Crypt
05:36 Ziggurat
05:46 Black Citadel
05:52 Sacrificial Pit
07:48 Ziggurat
08:08 Boneyard
08:12 Boneyard
08:42 Boneyard
14:49 Ziggurat
16:01 Ziggurat
17:01 Ziggurat
18:02 Necropolis
18:09 Nerubian Tower
23:47 Ziggurat
25:52 Nerubian Tower
26:31 Ziggurat
26:32 Halls of the Dead
28:59 Spirit Tower
34:53 Nerubian Tower
» items
| Dust of Appearance | 1 | |
| Orb of Corruption | 3 | |
| Potion of Healing | 2 | |
| Scroll of Town Portal | 6 | |
| Potion of Lesser Invulnerability | 2 | |
| Boots of Speed | 3 | |
17 total

»
Viper64 (
teal | 25 APM | 1702 actions | 68:27)
10 Warden
3 Fan of Knives
3 Blink
1 Spirit of Vengeance
3 Shadow Strike
» actions
| Assign group hotkey | 28 | |
| Basic commands | 8 | |
| Build / train | 120 | |
| Enter build submenu | 24 | |
| Enter hero's abilities submenu | 10 | |
| Right click | 539 | |
| Select / deselect | 279 | |
| Select group hotkey | 635 | |
| Use ability | 59 | |
1702 total
» units
| Wisp | 27 | |
| Huntress | 6 | |
| Hippogryph | 38 | |
| Chimaera | 13 | |
| Glaive Thrower | 2 | |
| Mortar Team | 10 | |
96 total
» upgrades
| Strength of the Wild | 3 | |
| Reinforced Hides | 3 | |
| Corrosive Breath | 1 | |
| Vorpal Blades | 1 | |
8 total
» buildings
| Moon Well | 9 | |
| Hunter's Hall | 1 | |
| Ancient Protector | 3 | |
| Altar of Elders | 1 | |
| Ancient of War | 2 | |
| Tree of Ages | 1 | |
| Tree of Life | 4 | |
| Ancient of Wind | 2 | |
| Tree of Eternity | 1 | |
| Chimaera Roost | 2 | |
26 total
» build order
00:21 Moon Well
00:35 Hunter's Hall
01:40 Ancient Protector
02:01 Ancient Protector
02:21 Ancient Protector
03:03 Altar of Elders
03:27 Ancient of War
03:32 Ancient of War
03:41 Moon Well
04:39 Moon Well
04:41 Tree of Ages
05:46 Moon Well
07:35 Tree of Life
07:55 Ancient of Wind
08:01 Ancient of Wind
08:47 Tree of Eternity
11:43 Moon Well
12:04 Chimaera Roost
12:10 Chimaera Roost
12:46 Moon Well
13:37 Moon Well
14:14 Moon Well
25:43 Moon Well
29:53 Tree of Life
39:22 Tree of Life
55:32 Tree of Life
» items
| Dust of Appearance | 1 | |
| Scroll of Healing | 1 | |
| Scroll of Town Portal | 1 | |
3 total
Gart_man (
yellow | 38 APM | 2208 actions | 57:47)
10 Paladin
3 Divine Shield
3 Holy Light
3 Devotion Aura
1 Resurrection
» actions
| Assign group hotkey | 30 | |
| Basic commands | 1 | |
| Build / train | 209 | |
| Enter build submenu | 53 | |
| Enter hero's abilities submenu | 10 | |
| Remove unit from queue | 25 | |
| Right click | 718 | |
| Select / deselect | 524 | |
| Select group hotkey | 497 | |
| Use ability | 141 | |
2208 total
» units
| Peasant | 90 | |
| Footman | 11 | |
| Knight | 3 | |
| Spell Breaker | 3 | |
| Siege Engine | 4 | |
| Flying Machine | 27 | |
| Mortar Team | 3 | |
141 total
» upgrades
| Defend | 1 | |
| Plating | 3 | |
| Swords | 3 | |
| Masonry | 3 | |
| Lumber Harvesting | 2 | |
| Animal War Training | 1 | |
| Magic Sentry | 1 | |
| Control Magic | 1 | |
| Gunpowder | 3 | |
| Barrage | 1 | |
| Flak Cannons | 1 | |
| Flying Machine Bombs | 1 | |
| Armor | 1 | |
| Flare | 1 | |
23 total
» buildings
| Altar of Kings | 2 | |
| Farm | 12 | |
| Barracks | 2 | |
| Scout Tower | 16 | |
| Arcane Tower | 3 | |
| Blacksmith | 1 | |
| Lumber Mill | 3 | |
| Keep | 2 | |
| Arcane Vault | 1 | |
| Guard Tower | 3 | |
| Town Hall | 8 | |
| Castle | 2 | |
| Arcane Sanctum | 3 | |
| Workshop | 5 | |
63 total
» build order
00:13 Altar of Kings
00:22 Farm
00:58 Farm
01:18 Barracks
01:40 Farm
02:05 Farm
02:11 Scout Tower
02:24 Barracks
02:39 Arcane Tower
02:59 Farm
03:39 Farm
03:50 Blacksmith
04:22 Farm
05:06 Scout Tower
05:09 Scout Tower
05:14 Lumber Mill
05:59 Keep
06:08 Arcane Tower
06:20 Arcane Vault
06:36 Guard Tower
07:24 Town Hall
08:17 Scout Tower
08:18 Scout Tower
08:22 Scout Tower
08:23 Scout Tower
08:27 Scout Tower
08:28 Scout Tower
08:59 Arcane Tower
09:41 Guard Tower
09:46 Castle
10:32 Guard Tower
11:54 Arcane Sanctum
11:58 Workshop
12:02 Arcane Sanctum
12:22 Farm
12:24 Farm
13:44 Farm
13:46 Farm
13:48 Farm
14:50 Workshop
16:08 Workshop
16:22 Lumber Mill
17:36 Workshop
21:34 Workshop
21:38 Arcane Sanctum
21:43 Altar of Kings
22:21 Lumber Mill
23:29 Town Hall
29:12 Town Hall
30:52 Town Hall
34:14 Keep
35:37 Town Hall
38:51 Town Hall
45:22 Castle
46:54 Town Hall
50:32 Town Hall
50:35 Scout Tower
50:36 Scout Tower
50:39 Scout Tower
50:40 Scout Tower
50:44 Scout Tower
50:44 Scout Tower
50:48 Scout Tower
» items
| Scroll of Town Portal | 3 | |
| Scroll of Regeneration | 1 | |
4 total
team 2 (winner)
hunskiller (
blue | 44 APM | 1365 actions | 31:01)
6 Blademaster
3 Wind Walk
2 Critical Strike
1 Bladestorm
4 Firelord
2 Incinerate
2 Summon Lava Spawn
3 Shadow Hunter
2 Healing Wave
1 Hex
» actions
| Assign group hotkey | 30 | |
| Basic commands | 286 | |
| Build / train | 58 | |
| ESC pressed | 9 | |
| Enter build submenu | 14 | |
| Enter hero's abilities submenu | 13 | |
| Give item / drop item | 1 | |
| Right click | 605 | |
| Select / deselect | 232 | |
| Select group hotkey | 46 | |
| Use ability | 71 | |
1365 total
» units
» upgrades
| Armor | 2 | |
| Ranged Weapons | 2 | |
| Envenomed Spears | 1 | |
5 total
» buildings
| Altar of Storms | 1 | |
| Orc Burrow | 6 | |
| War Mill | 1 | |
| Barracks | 1 | |
| Voodoo Lounge | 1 | |
| Watch Tower | 2 | |
| Stronghold | 1 | |
| Fortress | 1 | |
| Beastiary | 2 | |
16 total
» build order
00:05 Altar of Storms
00:06 Orc Burrow
01:04 War Mill
01:37 Barracks
01:55 Voodoo Lounge
02:46 Orc Burrow
02:50 Watch Tower
02:54 Watch Tower
04:12 Stronghold
05:03 Orc Burrow
06:24 Orc Burrow
07:53 Orc Burrow
07:55 Fortress
08:22 Beastiary
08:25 Beastiary
08:49 Orc Burrow
» items
| Healing Salve | 1 | |
| Lesser Clarity Potion | 1 | |
| Circlet of Nobility | 1 | |
| Boots of Speed | 1 | |
| Orb of Lightning | 1 | |
| Tiny Great Hall | 1 | |
6 total
Splaingoot (
orange | 76 APM | 1925 actions | 25:27)
5 Demon Hunter
3 Mana Burn
2 Evasion
» actions
| Assign group hotkey | 24 | |
| Basic commands | 41 | |
| Build / train | 70 | |
| ESC pressed | 1 | |
| Enter build submenu | 27 | |
| Enter hero's abilities submenu | 5 | |
| Give item / drop item | 1 | |
| Right click | 680 | |
| Select / deselect | 336 | |
| Select group hotkey | 687 | |
| Use ability | 53 | |
1925 total
» units
| Wisp | 28 | |
| Huntress | 4 | |
| Hippogryph | 8 | |
| Chimaera | 8 | |
48 total
» upgrades
| Ultravision | 1 | |
| Strength of the Wild | 3 | |
| Reinforced Hides | 3 | |
| Corrosive Breath | 1 | |
| Well Spring | 1 | |
9 total
» buildings
| Altar of Elders | 1 | |
| Moon Well | 8 | |
| Hunter's Hall | 1 | |
| Ancient of War | 1 | |
| Ancient of Wonders | 1 | |
| Ancient Protector | 4 | |
| Tree of Ages | 1 | |
| Ancient of Wind | 2 | |
| Tree of Life | 3 | |
| Tree of Eternity | 1 | |
| Chimaera Roost | 3 | |
26 total
» build order
00:07 Altar of Elders
00:15 Moon Well
01:25 Hunter's Hall
01:44 Ancient of War
01:57 Moon Well
02:07 Ancient of Wonders
02:37 Ancient Protector
03:52 Tree of Ages
04:23 Ancient Protector
04:51 Moon Well
05:39 Moon Well
06:20 Ancient of Wind
06:53 Tree of Life
07:09 Tree of Eternity
07:56 Moon Well
07:59 Ancient Protector
09:59 Chimaera Roost
10:02 Chimaera Roost
10:23 Chimaera Roost
13:08 Ancient of Wind
13:46 Moon Well
15:09 Tree of Life
15:59 Tree of Life
17:29 Moon Well
17:58 Moon Well
21:38 Ancient Protector
» items
| Dust of Appearance | 1 | |
| Orb of Venom | 1 | |
| Scroll of Town Portal | 1 | |
| Potion of Healing | 2 | |
5 total

»
sc2no.wc4yes (
pink | 93 APM | 6719 actions | 72:27)
9 Blood Mage
3 Flame Strike
3 Siphon Mana
1 Summon Phoenix
2 Banish
9 Archmage
3 Brilliance Aura
3 Blizzard
1 Mass Teleport
2 Summon Water Elemental
5 Demon Hunter
1 Metamorphosis
1 Evasion
3 Immolation
1 Mountain King
1 Storm Bolt
» actions
| Assign group hotkey | 120 | |
| Basic commands | 142 | |
| Build / train | 210 | |
| ESC pressed | 44 | |
| Enter build submenu | 118 | |
| Enter hero's abilities submenu | 27 | |
| Give item / drop item | 3 | |
| Right click | 1573 | |
| Select / deselect | 950 | |
| Select group hotkey | 1114 | |
| Use ability | 2418 | |
6719 total
» units
| Peasant | 24 | |
| Gryphon Rider | 46 | |
| Hippogryph | 38 | |
| Dryad | 2 | |
110 total
» upgrades
| Masonry | 3 | |
| Swords | 3 | |
| Armor | 3 | |
| Storm Hammers | 1 | |
| Plating | 3 | |
| Gunpowder | 3 | |
| Animal War Training | 1 | |
| Magic Sentry | 1 | |
| Lumber Harvesting | 1 | |
19 total
» buildings
| Town Hall | 1813 | |
| Lumber Mill | 1 | |
| Farm | 17 | |
| Altar of Kings | 1 | |
| Scout Tower | 169 | |
| Guard Tower | 35 | |
| Keep | 2 | |
| Blacksmith | 2 | |
| Castle | 1 | |
| Gryphon Aviary | 8 | |
| Barracks | 1 | |
| Arcane Sanctum | 1 | |
| Arcane Tower | 1 | |
| Tree of Life | 1 | |
| Arcane Vault | 1 | |
| Tree of Ages | 1 | |
| Altar of Elders | 1 | |
| Tree of Eternity | 1 | |
| Ancient of Wind | 1 | |
| Moon Well | 10 | |
| Hunter's Hall | 1 | |
| Ancient of Lore | 5 | |
2074 total
» build order
00:38 Town Hall
00:45 Lumber Mill
00:53 Farm
00:56 Altar of Kings
00:58 Scout Tower
01:00 Scout Tower
01:01 Scout Tower
01:08 Scout Tower
01:19 Scout Tower
01:23 Scout Tower
01:31 Scout Tower
01:38 Scout Tower
01:40 Scout Tower
01:42 Scout Tower
01:48 Scout Tower
01:49 Scout Tower
02:07 Town Hall
02:13 Guard Tower
02:16 Guard Tower
02:26 Town Hall
02:36 Scout Tower
02:37 Scout Tower
02:38 Scout Tower
02:39 Scout Tower
02:43 Scout Tower
02:45 Scout Tower
02:46 Scout Tower
02:47 Scout Tower
02:52 Scout Tower
02:54 Scout Tower
02:55 Scout Tower
02:59 Scout Tower
03:00 Scout Tower
03:07 Scout Tower
03:08 Scout Tower
03:09 Scout Tower
03:12 Guard Tower
03:15 Guard Tower
03:23 Farm
03:25 Farm
03:26 Farm
03:35 Guard Tower
03:35 Guard Tower
03:39 Guard Tower
03:44 Guard Tower
03:47 Keep
03:51 Scout Tower
03:52 Scout Tower
03:52 Scout Tower
03:53 Scout Tower
03:54 Scout Tower
03:55 Scout Tower
03:56 Scout Tower
03:57 Scout Tower
04:03 Scout Tower
04:04 Scout Tower
04:06 Scout Tower
04:06 Scout Tower
04:12 Scout Tower
04:13 Scout Tower
04:14 Scout Tower
04:15 Scout Tower
04:15 Scout Tower
04:16 Scout Tower
04:17 Scout Tower
04:18 Scout Tower
04:56 Town Hall
05:07 Town Hall
05:12 Guard Tower
05:15 Guard Tower
05:25 Blacksmith
05:32 Blacksmith
05:37 Scout Tower
05:37 Scout Tower
05:39 Scout Tower
05:41 Scout Tower
05:42 Scout Tower
05:43 Scout Tower
05:47 Scout Tower
05:48 Scout Tower
05:51 Scout Tower
05:55 Scout Tower
06:10 Castle
06:33 Guard Tower
06:35 Scout Tower
07:05 Town Hall
07:20 Scout Tower
07:21 Scout Tower
07:23 Scout Tower
07:23 Scout Tower
07:25 Scout Tower
07:26 Scout Tower
07:30 Scout Tower
07:34 Scout Tower
07:35 Scout Tower
07:36 Scout Tower
07:40 Guard Tower
07:48 Gryphon Aviary
07:53 Gryphon Aviary
08:01 Gryphon Aviary
08:03 Guard Tower
08:10 Guard Tower
08:24 Gryphon Aviary
08:27 Gryphon Aviary
09:18 Town Hall
10:04 Farm
10:06 Farm
10:08 Farm
10:47 Farm
10:49 Farm
10:51 Farm
11:16 Barracks
11:26 Arcane Sanctum
11:36 Town Hall
11:55 Town Hall
12:05 Farm
12:07 Farm
12:20 Farm
12:23 Farm
12:25 Farm
13:07 Town Hall
13:33 Town Hall
18:55 Scout Tower
18:56 Scout Tower
18:56 Scout Tower
18:57 Scout Tower
18:58 Scout Tower
18:59 Scout Tower
19:00 Scout Tower
19:01 Scout Tower
19:02 Scout Tower
19:03 Scout Tower
19:04 Scout Tower
19:05 Scout Tower
19:09 Scout Tower
19:11 Scout Tower
19:12 Scout Tower
19:13 Scout Tower
19:14 Scout Tower
19:15 Scout Tower
19:16 Scout Tower
19:37 Arcane Tower
19:39 Guard Tower
21:13 Town Hall
21:13 Town Hall
21:29 Scout Tower
21:30 Scout Tower
21:31 Scout Tower
21:33 Scout Tower
21:34 Scout Tower
21:36 Guard Tower
21:41 Scout Tower
21:41 Scout Tower
21:45 Scout Tower
21:46 Scout Tower
21:47 Scout Tower
21:48 Scout Tower
22:18 Guard Tower
22:23 Guard Tower
22:59 Gryphon Aviary
23:00 Gryphon Aviary
23:03 Gryphon Aviary
23:41 Guard Tower
23:45 Scout Tower
23:46 Scout Tower
23:48 Scout Tower
23:49 Scout Tower
23:50 Scout Tower
23:54 Scout Tower
23:55 Scout Tower
24:40 Guard Tower
24:40 Guard Tower
25:16 Town Hall
25:33 Town Hall
25:34 Town Hall
26:11 Town Hall
26:31 Town Hall
27:28 Scout Tower
27:28 Scout Tower
27:29 Scout Tower
27:32 Scout Tower
27:32 Scout Tower
27:33 Scout Tower
27:34 Scout Tower
27:35 Scout Tower
27:36 Scout Tower
27:57 Tree of Life
29:40 Guard Tower
29:43 Arcane Vault
29:46 Scout Tower
30:13 Town Hall
31:59 Town Hall
34:20 Town Hall
34:41 Scout Tower
34:42 Scout Tower
34:43 Scout Tower
34:44 Scout Tower
34:45 Scout Tower
35:31 Guard Tower
35:34 Scout Tower
35:36 Scout Tower
35:37 Scout Tower
35:38 Scout Tower
35:38 Scout Tower
35:39 Scout Tower
35:40 Scout Tower
35:41 Scout Tower
35:42 Scout Tower
35:44 Guard Tower
35:56 Town Hall
36:03 Guard Tower
36:08 Farm
37:12 Guard Tower
37:18 Town Hall
37:19 Town Hall
37:27 Town Hall
38:00 Guard Tower
38:44 Town Hall
41:06 Town Hall
41:31 Scout Tower
41:32 Scout Tower
43:06 Town Hall
43:53 Tree of Ages
44:58 Town Hall
45:12 Scout Tower
45:13 Scout Tower
45:14 Scout Tower
45:15 Scout Tower
45:16 Scout Tower
45:17 Scout Tower
45:17 Scout Tower
45:18 Scout Tower
45:19 Scout Tower
45:19 Scout Tower
45:54 Guard Tower
46:09 Guard Tower
46:49 Town Hall
47:14 Town Hall
47:15 Town Hall
47:23 Scout Tower
47:23 Scout Tower
47:24 Scout Tower
47:25 Scout Tower
47:26 Scout Tower
47:27 Scout Tower
47:27 Scout Tower
47:28 Scout Tower
47:30 Guard Tower
47:42 Town Hall
47:48 Altar of Elders
48:30 Guard Tower
49:07 Tree of Eternity
49:36 Town Hall
53:14 Town Hall
53:26 Town Hall
53:38 Ancient of Wind
53:40 Moon Well
53:42 Moon Well
53:43 Moon Well
54:37 Moon Well
58:22 Town Hall
59:30 Scout Tower
59:31 Scout Tower
59:31 Scout Tower
59:32 Scout Tower
59:33 Scout Tower
59:34 Scout Tower
59:34 Scout Tower
59:35 Scout Tower
59:37 Scout Tower
59:38 Scout Tower
59:39 Scout Tower
59:39 Scout Tower
59:40 Scout Tower
59:51 Scout Tower
59:51 Scout Tower
59:53 Scout Tower
59:54 Scout Tower
59:55 Scout Tower
59:56 Scout Tower
60:29 Farm
60:32 Guard Tower
60:55 Guard Tower
61:42 Guard Tower
61:48 Town Hall
61:48 Town Hall
62:35 Moon Well
62:41 Moon Well
62:45 Moon Well
62:46 Moon Well
63:00 Town Hall
64:08 Town Hall
64:08 Town Hall
65:14 Moon Well
65:18 Moon Well
65:38 Town Hall
69:01 Hunter's Hall
70:52 Ancient of Lore
70:52 Ancient of Lore
70:53 Ancient of Lore
70:53 Ancient of Lore
70:54 Ancient of Lore
» items
| Scroll of Town Portal | 2 | |
| Scroll of Protection | 2 | |
| Scroll of Healing | 2 | |
| Boots of Speed | 3 | |
| Staff of Teleportation | 1 | |
10 total
EXIT-Sign (
red | 68 APM | 1441 actions | 21:02)
5 Tauren Chieftain
3 Endurance Aura
2 War Stomp
3 Shadow Hunter
1 Hex
2 Healing Wave
» actions
| Assign group hotkey | 21 | |
| Basic commands | 6 | |
| Build / train | 62 | |
| Enter build submenu | 25 | |
| Enter hero's abilities submenu | 8 | |
| Give item / drop item | 1 | |
| Remove unit from queue | 2 | |
| Right click | 478 | |
| Select / deselect | 225 | |
| Select group hotkey | 558 | |
| Use ability | 55 | |
1441 total
» units
| Peon | 9 | |
| Grunt | 7 | |
| Tauren | 3 | |
| Shaman | 4 | |
23 total
» upgrades
| Spiked Barricades | 1 | |
| Armor | 1 | |
| Melee Weapons | 3 | |
| Berserker Strength | 1 | |
| Shaman Training | 2 | |
| Pulverize | 1 | |
| Witch Doctor Training | 2 | |
11 total
» buildings
| Orc Burrow | 11 | |
| Altar of Storms | 1 | |
| Barracks | 1 | |
| Voodoo Lounge | 1 | |
| War Mill | 1 | |
| Watch Tower | 4 | |
| Stronghold | 1 | |
| Spirit Lodge | 1 | |
| Fortress | 1 | |
| Tauren Totem | 3 | |
25 total
» build order
00:17 Orc Burrow
00:21 Orc Burrow
00:33 Altar of Storms
01:28 Barracks
01:45 Voodoo Lounge
02:16 War Mill
02:53 Orc Burrow
03:35 Watch Tower
04:33 Watch Tower
05:14 Watch Tower
05:38 Stronghold
06:23 Watch Tower
06:50 Orc Burrow
08:13 Spirit Lodge
09:02 Orc Burrow
09:17 Fortress
10:07 Orc Burrow
11:47 Tauren Totem
11:55 Tauren Totem
12:26 Tauren Totem
13:51 Orc Burrow
15:14 Orc Burrow
17:59 Orc Burrow
18:14 Orc Burrow
19:14 Orc Burrow
» items
| Healing Salve | 3 | |
| Boots of Speed | 1 | |
| Orb of Lightning | 1 | |
| Scroll of Town Portal | 2 | |
| Scroll of Speed | 1 | |
| Lesser Clarity Potion | 2 | |
10 total
Chat log
(06:13 / Allies) Splaingoot: air
(06:29 / Allies) hunskiller: pink
(06:30 / Allies) hunskiller: u suck
(06:41 / Allies) hunskiller: awful ...
(06:46 / Allies) hunskiller: you have no units
(06:51 / Allies) hunskiller: no pheasants getting gold
(06:52 / Allies) hunskiller: wow ...
(06:57 / Allies) Splaingoot: yeah not cool
(07:00 / Allies) hunskiller: ty for bsing this game
(07:03 / Allies) sc2no.wc4yes: mind your own business shitrat
(07:05 / Allies) hunskiller: only the 7th time in a row
(07:08 / Allies) hunskiller: STFU
(07:11 / Allies) hunskiller: FUCK YOU !!!!!!!!!!!!!!!!11
(07:14 / Allies) hunskiller: STFU !!!!!!!!!!!!!!!!!!!!!!!!!!!!!!!!!!!!111
(07:18 / Allies) hunskiller: GO TO HELL MOTHERFUCKING BASTARD !!!!!!!!!!!111
(07:19 / Allies) hunskiller: FUCK FACE
(07:23 / Allies) hunskiller: YOU ARE RUINING MY GAME
(07:27 / Allies) hunskiller: FUCK YOU !!!!!!!!!!!!!!!!!!!!!!!!!!!!!!!!!!!!!!!!!!!!!!!!!!!!!!!!!!!!!!!!!!!!!!
(07:37 / Allies) hunskiller: GO TO HELL FUCKING FUCKFACE BSER !!!!!!!!!!!!!!!!!!!!!!!!
(10:13 / Allies) hunskiller: YEP
(11:22 / Allies) Splaingoot: yum
(12:00 / Allies) EXIT-Sign: lumber me
(14:59 / Allies) EXIT-Sign: back
(15:12 / Allies) sc2no.wc4yes: these colors dont run
(15:26 / Allies) EXIT-Sign: back
(15:30 / Allies) EXIT-Sign: omg
(15:37 / Allies) sc2no.wc4yes: why are all you guys sitting in your bases
(15:38 / Allies) sc2no.wc4yes: jagging off
(15:39 / Allies) sc2no.wc4yes: while i 1v4?
(15:48 / Allies) EXIT-Sign: they are mid
(15:51 / Allies) hunskiller: ok
(15:52 / Allies) hunskiller: let's go
(16:15 / Allies) Splaingoot: lol fuck
(16:54 / Allies) sc2no.wc4yes: he uses his aa well
(16:57 / Allies) sc2no.wc4yes: NOT
(17:10 / Allies) Splaingoot: al;l hypoops dude
(17:12 / Allies) Splaingoot: you join
(17:47 / All) NasTyNate420: fuck u pink
(17:50 / All) sc2no.wc4yes: me?
(17:52 / All) NasTyNate420: cant win without hacks huh
(17:55 / All) sc2no.wc4yes: what did i do
(17:56 / All) Viper64: your a hack
(17:59 / All) NasTyNate420: fuck u
(18:04 / All) NasTyNate420: fuck u pink
(18:05 / All) sc2no.wc4yes: and? how does that affect
(18:07 / Allies) Splaingoot: ?
(18:07 / All) sc2no.wc4yes: you guys getting raped
(18:09 / All) NasTyNate420: ive looked at stats
(18:09 / All) sc2no.wc4yes: 3v4
(18:13 / All) sc2no.wc4yes: by my allies
(18:16 / All) NasTyNate420: when u give gold
(18:19 / All) NasTyNate420: and dont mine any
(18:23 / All) NasTyNate420: makes the game unfair
(18:31 / All) NasTyNate420: so fuck u
(18:35 / All) Viper64: first off its not 3 vs 4 yellow has no units and 4000 gold sso stfu
(18:43 / All) hunskiller: sorry guys but I did not get anything from him
(18:52 / All) NasTyNate420: but u see he hacks right?
(18:53 / Allies) EXIT-Sign: blue had nth
(19:49 / Allies) EXIT-Sign: back
(20:03 / Allies) EXIT-Sign: pink is noob
(20:13 / Allies) Splaingoot: i htnk he is farting around a bit
(20:16 / Allies) sc2no.wc4yes: ur the one that just suicided
(20:17 / Allies) sc2no.wc4yes: 300 food
(21:01 / All) EXIT-Sign: Gg noob human
(22:10 / Allies) hunskiller: i think they have hacked too
(23:28 / All) sc2no.wc4yes: my allies sit on their gold line
(23:34 / All) sc2no.wc4yes: and wait for the "attack move" part
(23:43 / All) Splaingoot: dude you missed the attack part
(23:51 / All) Splaingoot: and now were gone a guy'\
(24:00 / Allies) Splaingoot: help here
(24:04 / Allies) sc2no.wc4yes: i missed the what?
(24:06 / Allies) sc2no.wc4yes: the suicide part?
(24:09 / Allies) sc2no.wc4yes: yeah i missed that on purpose
(24:13 / Allies) Splaingoot: suicide without you
(24:14 / Allies) hunskiller: help pink
(24:14 / Allies) hunskiller: now
(24:41 / Allies) Splaingoot: you hav fun running around now
(24:46 / Allies) sc2no.wc4yes: i am
(24:52 / Allies) sc2no.wc4yes: u think id do something i dont enjoy?
(25:36 / All) NasTyNate420: fuck u pink
(26:01 / All) NasTyNate420: yup
(26:03 / All) NasTyNate420: he can
(26:06 / All) NasTyNate420: for realz
(26:10 / All) NasTyNate420: u can tell in the stats
(26:19 / All) NasTyNate420: its cause he didn't help
(26:20 / Allies) hunskiller: we can still win this
(26:23 / All) NasTyNate420: expo harassed
(26:30 / Allies) hunskiller: but u gotta be way better
(29:06 / All) NasTyNate420: fuck u some more pink
(30:22 / Allies) hunskiller: it was an easy win pink if you had play in team
(30:28 / Allies) sc2no.wc4yes: youre a moron
(30:32 / Allies) hunskiller: STFU
(30:35 / Allies) hunskiller: FUCKING HORRIBLE STUPID NEWBIE
(30:55 / Allies) hunskiller: YOU SHOULD JUST PLAY THOUSANDS OF GAMES AGAINST THE COMPUTER IF EVER TO COME BACK TO BNET
(30:58 / Allies) hunskiller: MOTHERFUCKING STUPID NEWBIE
(40:13 / All) sc2no.wc4yes: LOL
(40:18 / All) sc2no.wc4yes: YESA
(40:19 / All) NasTyNate420: fuck u hacker
(40:19 / All) sc2no.wc4yes: YES
(42:13 / All) sc2no.wc4yes: GOOD PLAY
(42:23 / All) sc2no.wc4yes: teamwork
(47:03 / All) NasTyNate420: this guy is fucking riddiculus
(48:26 / All) sc2no.wc4yes: GOT IT
(48:38 / All) NasTyNate420: fuck u faggot
(48:41 / All) NasTyNate420: go eat a cock
(48:50 / All) sc2no.wc4yes: u mad?
(48:58 / All) NasTyNate420: fuck u
(49:05 / All) Your_Master: pnking u cheating bitch
(49:09 / All) NasTyNate420: ruin the fucking game for everyone
(49:16 / All) sc2no.wc4yes: NOT FOR ME
(49:25 / All) NasTyNate420: u just suck
(49:32 / All) NasTyNate420: so u need to cheat
(49:43 / All) sc2no.wc4yes: THEN WHY AM I WINNING
(49:49 / All) NasTyNate420: because u are horrible cheatting person
(50:22 / All) Your_Master: protett
(50:35 / All) Your_Master: 200 for hero yellow
(50:37 / All) NasTyNate420: too bad yellow noob
(50:39 / All) NasTyNate420: almost had u
(50:43 / All) NasTyNate420: fucking cheating bitch
(50:47 / All) sc2no.wc4yes: WHEN
(50:48 / All) sc2no.wc4yes: WAS THAT
(50:49 / All) sc2no.wc4yes: LOL
(50:51 / All) sc2no.wc4yes: IN A DREAM?
(50:52 / All) Your_Master: yellow 200 please for hero
(50:54 / All) sc2no.wc4yes: U FALL ASLEEP AT THE GAME?
(51:05 / All) NasTyNate420: when all ur fucking teamates left bitch
(51:05 / All) Your_Master: yellow 200
(51:10 / All) NasTyNate420: but yellow couldn't get morts
(51:34 / All) sc2no.wc4yes: RUN
(51:34 / All) sc2no.wc4yes: FEAR
(52:43 / All) sc2no.wc4yes: LOL
(54:10 / All) Your_Master: teal wtf
(54:20 / All) Your_Master: teal u dumbass
(54:24 / All) sc2no.wc4yes: LOL
(55:00 / All) sc2no.wc4yes: HI ACO
(57:36 / All) NasTyNate420: like the 4th time yellow suicides
(57:44 / All) Gart_man: cya
(57:49 / All) NasTyNate420: '
(60:14 / All) NasTyNate420: man i hate yellow even worse than u pink
(60:16 / All) sc2no.wc4yes: RAPED
(60:30 / All) Your_Master: u suck hide in your base pussy
(60:41 / All) sc2no.wc4yes: YOURE JUST MAD
(60:44 / All) sc2no.wc4yes: CUZ YOU DONT HAVE A BASE
(60:46 / All) Your_Master: no u suck
(60:49 / All) NasTyNate420: if yellow didn't keep sacrificing tanks we had u
(60:52 / All) Your_Master: u got no skills pussy
(60:56 / All) sc2no.wc4yes: WHO WON?
(60:57 / All) sc2no.wc4yes: 1V4?
(61:00 / All) NasTyNate420: no skills and small dick
(61:15 / All) sc2no.wc4yes: RUN
(61:15 / All) sc2no.wc4yes: RUN
(62:01 / All) sc2no.wc4yes: OK
(62:04 / All) sc2no.wc4yes: TELL YOU WHAT
(62:08 / All) sc2no.wc4yes: ILL GIVE YOU 40 MINUTES TO REBUILD
(62:12 / All) sc2no.wc4yes: I WONT ATTACK ANY BASES
(62:13 / All) sc2no.wc4yes: FOR THAT LONG
(62:18 / All) sc2no.wc4yes: EXCEPT TEALS
(62:29 / All) Your_Master: i got no gold
(62:33 / All) Your_Master: don't play dumb
(62:47 / All) Your_Master: u took out our main
(62:50 / All) Your_Master: are u stupid
(63:38 / All) sc2no.wc4yes: good micro
(66:37 / All) sc2no.wc4yes: NICE ITEMS DOTA BOY
(66:40 / All) sc2no.wc4yes: MAKE THIS WIN MORE SATISFYING
(68:26 / All) sc2no.wc4yes: HI NOOB
(69:02 / All) Your_Master: didnt kill my heroes bitch
(69:12 / All) sc2no.wc4yes: AFTER I WIN ILL PRESS CONTINUE GAME
(69:14 / All) sc2no.wc4yes: AND KILL THEM
(69:28 / All) Your_Master: doesn't matter i wasnt playing dumbass
(69:33 / All) sc2no.wc4yes: YOU GOT RAPED
(69:35 / All) sc2no.wc4yes: U MAD?
(69:41 / All) Your_Master: not really u suck
(69:45 / All) Your_Master: hacking bitch
(69:48 / All) sc2no.wc4yes: OWNED 1V4
(69:53 / All) Your_Master: u got no skills
(69:57 / All) Your_Master: dumb hacker
(70:06 / All) sc2no.wc4yes: WHO WON?
(70:13 / All) Your_Master: if i had unlimited resources i would win too dumb shit
(70:21 / All) sc2no.wc4yes: NOT 1V4 YOU WOULDNT
(70:28 / All) Your_Master: u cant play a real game so u have to chea
(70:40 / All) sc2no.wc4yes: OPWNED
(70:41 / All) sc2no.wc4yes: OWNED
(70:48 / All) Your_Master: got another hero dumbass
(70:55 / All) sc2no.wc4yes: YEAH
(70:57 / All) sc2no.wc4yes: BETTER CRY HARD
(70:59 / All) sc2no.wc4yes: AND LEAVE FAST
(71:17 / All) Your_Master: man u are so bad
(71:24 / All) Your_Master: u are pathetic
(71:25 / All) sc2no.wc4yes: U LOST 300 FOOD VS 100
(72:25 / All) sc2no.wc4yes: OWNED